 Dungeon Crawl Stone Soup version 0.29.1-12-g30fa7ad0bf (webtiles) character file.

Game seed: 7503938121470774653

9 hawla the Chiller (level 2, 0/20 HPs)
             Began as a Meteoran Ice Elementalist on Jan 3, 2023.
             Slain by a phantom (6 damage)
             ... on level 3 of the Dungeon.
             The game lasted 00:01:12 (153 turns).

hawla the Chiller (Meteoran Ice Elementalist)        Turns: 153, Time: 00:01:12

Health: 0/20       AC:  2    Str: 15    XL:     2   Next: 41%
Magic:  7/7        EV: 12    Int: 16    God:
Gold:   16         SH:  0    Dex: 14    Spells: 6/7 levels left

rFire   . . .      SeeInvis .   f - +0 long sword
rCold   . . .      Faith    .   (no shield)
rNeg    . . .      Spirit   .   a - +0 robe
rPois   .          Reflect  .   (no helmet)
rElec   .          Harm     .   (no cloak)
rCorr   .          Rampage  .   (no gloves)
Will    .....                   (no boots)
Stlth   +.........              (no amulet)
HPRegen 0.06/turn               e - +6 ring of strength
MPRegen 0.10/turn               (no ring)

@: glowing
A: sense surroundings 1, otherworldly, glowing, explore regen
a: no special abilities


You were on level 3 of the Dungeon.
You visited 1 branch of the dungeon, and saw 3 of its levels.

You collected 16 gold pieces.

Inventory:

Hand Weapons
 f - a +0 long sword (weapon)
Armour
 a - a +0 robe (worn)
Jewellery
 e - a +6 ring of strength (left hand)
Potions
 b - a potion of magic
 c - a potion of curing {unknown}
 d - a potion of degeneration {unknown}


   Skills:
 + Level 0.2 Fighting
 + Level 2.6 Dodging
 - Level 1.4 Stealth
 + Level 3.2 Spellcasting
 + Level 4.5 Ice Magic


You had 6 spell levels left.
You knew the following spells:

 Your Spells              Type           Power      Damage    Failure   Level
a - Freeze                Ice            68%        1d8       2%          1

Your spell library contained the following spells:

 Spells                   Type           Power      Damage    Failure   Level
 Frozen Ramparts          Ice            34%        1d6       9%          3
 Ozocubu's Armour         Ice            17%        N/A       9%          3
 Hailstorm                Conj/Ice       9%         3d4       58%         4


Dungeon Overview and Level Annotations

Branches:
Dungeon (3/15) Zot: 1646

Altars:


Innate Abilities, Weirdness & Mutations

You passively map a small area around you.
You are easily found by Zot.
You glow in the dark.
You regain HP and MP as you explore.


Message History

Found a book of Necromancy.
e - a +6 ring of strength You feel stronger.
e - a +6 ring of strength (left hand)
You see here a +0 long sword.
f - a +0 long sword (weapon)
A hobgoblin comes into view.
The hobgoblin shouts!
You see here 16 gold pieces.
You now have 16 gold pieces.
A phantom comes into view.
An ogre comes into view. It is wielding a +0 giant spiked club.
The ogre shouts!
You hit the hobgoblin.
The hobgoblin is almost dead.
The hobgoblin hits you.
Casting: Freeze (safe; 2% risk of failure)
Confirm with . or Enter, or press ? or * to list all spells.
You don't know that spell.
Unknown command.
Casting: Freeze (safe; 2% risk of failure)
Confirm with . or Enter, or press ? or * to list all spells.
Aiming: Freeze (safe; 2% risk of failure)
Press: ? - help, Shift-Dir - straight line, f - hobgoblin
Aim: a hobgoblin (severely wounded)
You freeze the hobgoblin.
You kill the hobgoblin!
Unknown command.
You aren't carrying any scrolls.
The phantom hits you.
The phantom blinks!
You blink.
The phantom attacks as you move away! The phantom closely misses you.
The phantom attacks as you move away! The phantom hits you.
The phantom attacks as you move away! The phantom hits you.
* * * LOW HITPOINT WARNING * * *
Casting: Freeze (safe; 2% risk of failure)
Confirm with . or Enter, or press ? or * to list all spells.
You don't know that spell.
You hit the phantom but do no damage. The phantom barely misses you.
You closely miss the phantom. The phantom hits you.
You die...

,, , ~~# .#..###...# *
, ~###.........# , ,
........#...# , ,
..(..#.....# , ,
..........###### , * *
#.#####†.:......
######.#####.......?.
##...#...O....###....#
*#....@W...##### #####
#...........#
#...........#
#...........#
##.........##
##...#...## #########


You could see an ogre and a phantom.

Vanquished Creatures
  A bat (D:1)
  An endoplasm (D:1)
  A giant cockroach (D:1)
  2 goblins (D:1)
  A hobgoblin (D:3)
  A ball python (D:1)
  A rat (D:1)
8 creatures vanquished.

Notes
Turn   | Place    | Note
-------+----------+-------------------------------------------
     0 | D:1      | hawla the Meteoran Ice Elementalist began the quest for the
                  | Orb.
     0 | D:1      | Reached XP level 1. HP: 14/14 MP: 5/5
    80 | D:1      | Reached XP level 2. HP: 18/20 MP: 3/6
   138 | D:3      | Noticed a phantom
   139 | D:3      | Noticed an ogre
   153 | D:3      | Slain by a phantom

Illustrated notes

Levels and vault maps discovered:
D:1:      minmay_arrival_plants_in_alcoves, layout_basic,
          shapermc_ecumenical_altar_mp_urbaneastern
D:2:      layout_basic, serial_shops, shop, bh_walls_and_bars
D:3:      wad_crossroads, layout_rooms, fountainhead, uniq_ijyb

Skill      XL: |  1  2 |
---------------+-------+-----
Spellcasting   | 3 |  3.2
Fighting       | |  0.2
Dodging        | |  2.6
Stealth        | |  1.4
Ice Magic      | |  4.5

Action                   || total
-------------------------++-------
Melee: Unarmed           ||     1
       Long sword        ||     3
 Cast: Freeze            ||    11
Armor: Robe              ||     2
Dodge: Dodged            ||     9
